 Dungeon Crawl Stone Soup version 0.30-a0-743-gbfdf073431 (webtiles) character file.

Game seed: 1378006596159112619

3346 ragingrage the Grappler (level 10, -4/74 HPs)
             Began as a Ghoul Gladiator on Feb 5, 2023.
             Was a Priest of Okawaru.
             Slain by a centaur warrior
             ... wielding a +0 falchion
              (5 damage)
             ... on level 8 of the Dungeon.
             The game lasted 00:13:13 (7327 turns).

ragingrage the Grappler (Ghoul Gladiator)           Turns: 7327, Time: 00:13:14

Health: -4/74      AC:  6    Str: 29    XL:     10   Next: 2%
Magic:  9/9        EV: 12    Int:  3    God:    Okawaru [***...]
Gold:   356        SH:  0    Dex: 16    Spells: 9/9 levels left

rFire   . . .      SeeInvis .      - Unarmed
rCold   + . .      Faith    .    (no shield)
rNeg    + + +      Spirit   .    n - +0 ring mail
rPois   ∞          Reflect  .    y - +0 helmet
rElec   .          Harm     .    (no cloak)
rCorr   .          Rampage  .    (no gloves)
Will    .....                    (no boots)
Stlth   ++                       S - amulet of magic regeneration
HPRegen 0.00/turn                f - +6 ring of strength
MPRegen 0.51/turn                r - +6 ring of dexterity

@: inhibited regen
A: claws 1, cold resistance 1, negative energy resistance 3, inhibited
regeneration, torment resistance 2, devour on kill
a: Renounce Religion, Heroism


You were on level 8 of the Dungeon.
You worshipped Okawaru.
Okawaru was most pleased with you.
You visited 2 branches of the dungeon, and saw 9 of its levels.
You also visited: Ossuary.

You collected 356 gold pieces.

Inventory:

Hand Weapons
 b - a +1 mace of draining
 s - a +2 dagger of venom
 G - a +2 whip of pain
 I - a +2 trident of flaming
Missiles
 c - 5 throwing nets
 d - a javelin
 i - 26 stones
 o - 15 boomerangs
 q - 14 poisoned darts (quivered)
 N - a curare-tipped dart
Armour
 n - a +0 ring mail (worn)
 y - a +0 helmet (worn)
Jewellery
 f - a +6 ring of strength (left claw)
 r - a +6 ring of dexterity (right claw)
 v - a ring of magical power
 C - a ring of resist corrosion
 S - an amulet of magic regeneration (around neck)
Wands
 e - a wand of polymorph (13)
 z - a wand of light (6)
 P - a wand of flame (11)
 T - a wand of roots (4)
Scrolls
 g - 3 scrolls of fear
 h - a scroll of immolation {unknown}
 j - 2 scrolls of enchant armour {unknown}
 m - a scroll of silence {unknown}
 u - 2 scrolls of teleportation {unknown}
 w - a scroll of summoning {unknown}
 x - 8 scrolls of identify {unknown}
 A - 3 scrolls of vulnerability
 B - 4 scrolls of blinking {unknown}
 E - 2 scrolls of noise {unknown}
 F - 2 scrolls of amnesia {unknown}
 L - a scroll of magic mapping {unknown}
 M - a scroll of poison {unknown}
 R - a scroll of enchant weapon
Potions
 a - 4 potions of heal wounds
 k - 3 potions of attraction {unknown}
 l - 6 potions of degeneration {unknown}
 p - a potion of flight {unknown}
 t - a potion of cancellation {unknown}
 D - a potion of curing {unknown}
 H - 3 potions of mutation {unknown}
 J - a potion of resistance {unknown}
 K - a potion of haste
 O - a potion of ambrosia {unknown}
 Q - a potion of brilliance {unknown}


   Skills:
 + Level 2.4 Fighting
 - Level 6.0 Throwing
 - Level 2.6 Dodging
 - Level 5.0 Stealth
 + Level 12.8 Unarmed Combat
 + Level 0.7 Invocations


You had 9 spell levels left.
You didn't know any spells.
Your spell library contained the following spells:

 Spells                   Type           Power      Damage    Failure   Level
 Sting                    Tmut/Pois      0%         1d3       65%         1
 Blink                    Tloc           0%         N/A       80%         2
 Lesser Beckoning         Tloc           0%         N/A       80%         2
 Momentum Strike          Conj/Tloc      0%         3d8       80%         2
 Poisonous Vapours        Pois/Air       0%         N/A       80%         2
 Olgreb's Toxic Radiance  Pois           0%         N/A       100%        4


Dungeon Overview and Level Annotations

Branches:
Dungeon (8/15)             Temple (1/1) D:5         Ossuary (visited)
   Lair: D:8-11

Altars:
Cheibriados
Dithmenos
Fedhas
Gozag
Hepliaklqana
Kikubaaqudgha
Makhleb
Nemelex Xobeh
Okawaru
Qazlal
Ru
Sif Muna
Trog
Vehumet
Wu Jian
Xom
Yredelemnul

Annotations:
D:1 exclusion: 2 downstairs
D:2 Sigmund
D:7 Dowan, Duvessa
D:8 1 exclusion


Innate Abilities, Weirdness & Mutations

You are immune to poison.
You have sharp fingernails.
Your flesh is cold resistant. (rC+)
You are immune to negative energy. (rN+++)
You do not regenerate when monsters are visible.
You are immune to unholy pain and torment.
You thrive by killing the living.


Message History

The centaur warrior hits you with a +0 falchion.
The centaur warrior kicks you but does no damage.
Okay, then.
Aiming: Bolt of Light
Press: ? - help, Shift-Dir - straight line, f - centaur warrior
Aim: a centaur warrior, wielding a +0 falchion and quivering stones (moderately wounded, fast, 79% to hit)
The bolt of light hits the centaur warrior!
The centaur warrior is heavily wounded.
The centaur warrior is blinded.
The centaur warrior hits you with a +0 falchion!
* * * LOW HITPOINT WARNING * * *
The centaur warrior kicks you but does no damage.
The centaur warrior hits you with a +0 falchion.
* * * LOW HITPOINT WARNING * * *
The centaur warrior barely misses you. The centaur warrior misses you. x2
You feel much better.
The centaur warrior hits you with a +0 falchion.
The centaur warrior kicks you but does no damage.
The centaur warrior hits you with a +0 falchion!
The centaur warrior completely misses you.
You claw the centaur warrior!
The centaur warrior is severely wounded.
The centaur warrior hits you with a +0 falchion!
* * * LOW HITPOINT WARNING * * *
The centaur warrior kicks you but does no damage.
Aiming: Fastroot
Press: ? - help, Shift-Dir - straight line, f/p - centaur warrior
Aim: a centaur warrior, wielding a +0 falchion and quivering stones (severely wounded, fast, blind)
The roots erupt in riotous growth!
Roots grab the centaur warrior.
The grasping roots constrict the centaur warrior.
The centaur warrior hits you with a +0 falchion.
* * * LOW HITPOINT WARNING * * *
The centaur warrior closely misses you.
The centaur warrior hits you with a +0 falchion!
* * * LOW HITPOINT WARNING * * *
The centaur warrior kicks you.
* * * LOW HITPOINT WARNING * * *
The centaur warrior hits you with a +0 falchion.
You die...

########.# ##...## #..#
#.((...c.# #.....## #..#
..##.##### #......###..# .#
#.# #...........# # #.#
##...#.####.#### ## #.#
##.##.# #....# .#
#.#############.##.# ####.#
.# #...........c...##.# #.#
.# #############@.....# #.#
†# ###########.###### #.# .#
#...>....##.# #.#
.#####.######.##.# #.#
....##.# #.##.# #.# ###.##.#
###.##.########## #.# #.##.#
#......#........###.#
#....####.#<####.###'##.....#
#.........#.# #.#....#.#.###


You could see a centaur warrior (fast, blind, rooted).

Vanquished Creatures
  3 water moccasins
  2 orc warriors
  2 ice beasts
  2 ogres (D:6)
  A black bear (D:6)
  A sky beast (D:7)
  3 phantoms
  A kobold brigand (D:7)
  2 bullfrogs (D:7)
  A necrophage (D:8)
  6 scorpions
  A wight (Ossuary)
  2 water moccasin zombies (Ossuary)
  3 howler monkeys
  2 centaur zombies (Ossuary)
  A lava snake (D:7)
  A bullfrog zombie (Ossuary)
  5 hounds
  6 orc priests
  A gnoll bouda (D:8)
  5 jellies
  2 scorpion zombies (Ossuary)
  3 iguanas
  4 orc wizards
  7 gnolls
  8 adders
  2 shadow imps (D:7)
  2 white imps
  3 ufetubi
  2 adder zombies (Ossuary)
  A worm (D:2)
  2 dart slugs
  30 orcs
  7 ball pythons
  6 endoplasms
  3 giant cockroaches
  A gnoll zombie (Ossuary)
  13 goblins
  2 hobgoblins
  9 jackals
  12 kobolds
  6 quokkas
  5 bats
  2 frilled lizards
  2 goblin zombies (Ossuary)
  2 hobgoblin zombies (Ossuary)
  5 orc zombies (Ossuary)
  6 rats
198 creatures vanquished.

Vanquished Creatures (others)
  15 fungi
15 creatures vanquished.

Grand Total: 213 creatures vanquished

Notes
Turn   | Place    | Note
-------+----------+-------------------------------------------
     0 | D:1      | ragingrage the Ghoul Gladiator began the quest for the Orb.
     0 | D:1      | Reached XP level 1. HP: 17/17 MP: 0/0
   153 | D:1      | Reached XP level 2. HP: 23/24 MP: 1/1
   185 | D:1      | Reached skill level 4 in Unarmed Combat
   508 | D:1      | Reached XP level 3. HP: 29/29 MP: 2/2
   962 | D:2      | Noticed Sigmund
  1036 | D:2      | Reached skill level 1 in Stealth
  1602 | D:3      | Reached XP level 4. HP: 36/36 MP: 3/3
  1987 | D:3      | Reached skill level 5 in Unarmed Combat
  2257 | D:4      | Found a basalt altar of Yredelemnul.
  2320 | D:4      | Reached XP level 5. HP: 41/41 MP: 4/4
  2328 | D:3      | Reached skill level 6 in Unarmed Combat
  2471 | D:4      | Reached XP level 6. HP: 48/48 MP: 5/5
  2535 | D:4      | Found a snail-covered altar of Cheibriados.
  2549 | D:4      | Found a shadowy altar of Dithmenos.
  2549 | D:4      | Found a burning altar of Makhleb.
  2638 | D:4      | Reached skill level 7 in Unarmed Combat
  2767 | D:4      | Found a radiant altar of Vehumet.
  3166 | D:5      | Entered Level 5 of the Dungeon
  3239 | D:4      | Reached XP level 7. HP: 52/55 MP: 6/6
  3505 | D:5      | Reached skill level 8 in Unarmed Combat
  3730 | D:5      | Found a staircase to the Ecumenical Temple.
  3760 | Temple   | Entered the Ecumenical Temple
  3835 | Temple   | Became a worshipper of Warmaster Okawaru
  4487 | D:6      | Reached skill level 9 in Unarmed Combat
  4516 | D:6      | Reached * piety under Okawaru
  4517 | D:6      | Reached XP level 8. HP: 60/61 MP: 7/7
  4520 | D:6      | Found a stormy altar of Qazlal.
  4566 | D:6      | Reached skill level 10 in Unarmed Combat
  4721 | D:6      | Reached skill level 5 in Stealth
  4933 | D:6      | Reached ** piety under Okawaru
  5144 | D:7      | Reached skill level 11 in Unarmed Combat
  5144 | D:7      | Reached XP level 9. HP: 35/67 MP: 8/8
  5413 | D:7      | Found a sand-covered staircase.
  5502 | Ossuary  | Entered an ossuary
  5883 | Ossuary  | Noticed a silent spectre
  6145 | D:7      | Reached *** piety under Okawaru
  6148 | D:7      | Reached skill level 5 in Throwing
  6212 | D:7      | Noticed Duvessa
  6212 | D:7      | Noticed Dowan
  6330 | D:7      | Reached skill level 12 in Unarmed Combat
  7173 | D:8      | Reached XP level 10. HP: 73/73 MP: 9/9
  7295 | D:8      | Noticed a centaur warrior
  7327 | D:8      | HP: 3/74 [centaur warrior/+0 falchion (13)]
  7327 | D:8      | HP: 1/74 [centaur warrior/+0 falchion (2)]
  7327 | D:8      | Slain by a centaur warrior

Illustrated notes

Levels and vault maps discovered:
D:1:      tarquinn_simple_flora_water_f, layout_basic, kennysheep_nondescript,
          minmay_ruptured
D:2:      layout_loops_ring, minmay_tetromino_l2, uniq_sigmund
D:3:      layout_basic, hex_medium, kennysheep_decorative_pillar
D:4:      layout_rooms, lemuel_coloured_pillars_altar,
          grunt_temple_overflow_open, serial_aquarium, aquarium_bridge_straight
          [aquarium_subvault_bridge, aquarium_subvault_wall,
          aquarium_subvault_bridge, aquarium_subvault_window],
          aquarium_window_2, aquarium_window_2, aquarium_view_2b,
          aquarium_view_2g, aquarium_balcony_1b
D:5:      layout_basic, minmay_temple_entry_ruins, serial_bayou_pond_e
D:6:      layout_basic, nicolae_qazlal_scattered_showers
D:7:      dreamdust_elfheim, layout_loops_corners, nicolae_ossuary_entry_plus,
          minmay_misc_feat_room, nicolae_lava_and_water
D:8:      minmay_the_grid_octo_tiled_squarecenter
          [minmay_the_grid_octo_checkerflower, minmay_the_grid_octo_77,
          minmay_the_grid_octo_clover_2, minmay_the_grid_octo_vomiting_pacman,
          minmay_the_grid_square_5x5_megaprize_open,
          minmay_the_grid_square_5x5_tetrominoes,
          minmay_the_grid_square_5x5_fancy_junction,
          minmay_the_grid_square_5x5_z, minmay_the_grid_square_5x5_n_small],
          layout_loops_ring, nrook_mini_vaults, nicolae_kite_square_tiling_tiny
Temple:   zaba_magenta_temple

Skill      XL: |  1  2  3  4  5  6  7  8  9 |
---------------+----------------------------+-----
Unarmed Combat | 4 5 6 7 9 11 12 | 12.8
Stealth        | 2 3 4 5 |  5.0
Throwing       | 3 6 |  6.0
Fighting       | |  2.4
Dodging        | |  2.6
Invocations    | |  0.7

Action                     |  1- 3 |  4- 6 |  7- 9 | 10-12 || total
---------------------------+-------+-------+-------+-------++-------
  Melee: Unarmed           |   111 |   106 |   326 |     6 ||   549
         Punch             |     1 |     3 |    11 |     1 ||    16
         Mace              |       |     2 |       |       ||     2
  Throw: Stone             |       |    16 |    10 |       ||    26
         Dart              |       |     2 |     3 |     3 ||     8
         Boomerang         |       |       |    30 |     9 ||    39
         Throwing net      |       |       |     2 |       ||     2
  Evoke: Wand              |       |       |     3 |     2 ||     5
    Use: Scroll            |       |     2 |       |     1 ||     3
         Potion            |       |       |       |     1 ||     1
   Stab: Sleeping          |       |     2 |     4 |       ||     6
         Invisible         |       |       |     4 |       ||     4
 Armour: Leather armour    |    25 |       |       |       ||    25
         Ring mail         |     1 |    37 |    80 |     7 ||   125
  Dodge: Dodged            |    54 |    49 |   151 |     8 ||   262

Table legend: (Time is in decaauts)
 A = Elapsed time spent in this place.
 B = Non-inter-level travel time spent in this place.
 C = Inter-level travel time spent in this place.
 D = Time resting spent in this place.
 E = Time spent auto-exploring this place.
 F = Levels seen in this place.
 G = Mean time per level.
                   A        B        C        D        E       F      G
               +--------+--------+--------+--------+--------+-----+--------+
         Total |   7235 |   6908 |    327 |    962 |   4154 |  10 |  723.5 |
       Dungeon |   6751 |   6444 |    307 |    780 |   4012 |   8 |  843.9 |
        Temple |     79 |     59 |     20 |      0 |     48 |   1 |   79.0 |
       Ossuary |    403 |    403 |      0 |    182 |     94 |   1 |  403.0 |
               +--------+--------+--------+--------+--------+-----+--------+

Top non-repeatable levels by time:
     D:7: 1155 daAuts
     D:5: 1094 daAuts
     D:4: 1006 daAuts
     D:1: 982 daAuts
     D:3: 815 daAuts
     D:6: 625 daAuts
     D:8: 611 daAuts
     D:2: 461 daAuts
 Ossuary: 403 daAuts
  Temple: 79 daAuts
